 Dungeon Crawl Stone Soup version 0.27-a0-1026-gbab068f60c (webtiles) character file.

Game seed: 120256862454039500

85 Jannitor the Magician (level 4, -1/33 HPs)
             Began as a Djinni Warper on Apr 18, 2021.
             Slain by a killer bee zombie (5 damage)
             ... on level 4 of the Dungeon.
             The game lasted 00:04:29 (3250 turns).

Jannitor the Magician (Djinni Warper)               Turns: 3250, Time: 00:04:29

Health: -1/33      AC:  4    Str: 10    XL:     4   Next: 48%
Gold:   96         EV: 11    Int: 16    God:
                   SH:  0    Dex: 12

rFire    + + .     SeeInvis .   m - +0 dagger (holy)
rCold    x . .     Faith    .   (no shield)
rNeg     . . .     Spirit   .   b - +0 leather armour
rPois    ∞         Reflect  .   (no helmet)
rElec    .         Harm     .   (no cloak)
rCorr    .         Rampage  .   g - +0 pair of gloves
Will     .....                  (boots unavailable)
Stlth    ++........             (no amulet)
HPRegen  0.11/turn              (no ring)
MPRegen  0.00/turn              (no ring)

@: brilliant, flying
A: fire resistance 2, cold vulnerability 1, float, innate caster, hp casting,
extra vitality 1
a: no special abilities


You were on level 4 of the Dungeon.
You visited 1 branch of the dungeon, and saw 4 of its levels.

You collected 138 gold pieces.
You spent 42 gold pieces at shops.

Inventory:

Hand Weapons
 m - a +0 dagger of holy wrath (weapon)
Missiles
 e - 5 boomerangs of dispersal (quivered)
Armour
 b - a +0 leather armour (worn)
 g - a +0 pair of gloves (worn)
Scrolls
 d - a scroll of blinking
 h - a scroll of immolation {unknown}
 j - a scroll of teleportation
 k - 3 scrolls of noise
 l - a scroll of summoning {unknown}
Potions
 c - a potion of flight {unknown}
 i - a potion of lignification {unknown}


   Skills:
 - Level 2.0 Fighting
 + Level 2.7 Short Blades
 - Level 0.7 Throwing
 - Level 1.0 Armour
 - Level 2.1 Dodging
 + Level 1.9 Stealth
 + Level 3.3 Spellcasting


You couldn't memorise any spells.
You knew the following spells:

 Your Spells              Type           Power      Damage    Failure   Level
a - Blink                 Tloc           N/A        N/A       10%         2
b - Lesser Beckoning      Tloc           10%        N/A       19%         3
c - Gell's Gravitas       Tloc           10%        N/A       19%         3
d - Teleport Other        Tloc           20%        N/A       19%         3
e - Manifold Assault      Tloc           20%        N/A       86%         5
f - Foxfire               Conj/Fire      80%        2x1d8     6%          1
Your spell library was empty.

Dungeon Overview and Level Annotations

Branches:
Dungeon (4/15)
 Temple: D:4-7

Altars:

Shops:
D:1 ?

Annotations:
D:3 Purgy


Innate Abilities, Weirdness & Mutations

You are immune to poison.
Your flesh is very heat resistant. (rF++)
You are vulnerable to cold. (rC-)
You float through the air rather than walking.
You learn spells naturally, not from books.
Your magical power is your life essence.
You have superior vitality. (+4 HP)


Message History

The quokka bites you.
You fly downwards.
A killer bee zombie comes into view.
Found a scroll labelled YNIZODE WEGARCH.
There is a stone staircase leading up here.
You hit the quokka.
You kill the quokka!
The killer bee zombie hits you.
The killer bee zombie completely misses you.
You closely miss the killer bee zombie. The killer bee zombie hits you.
You hit the killer bee zombie.
The killer bee zombie convulses.
The killer bee zombie is moderately damaged.
The killer bee zombie closely misses you.
The killer bee zombie hits you but does no damage.
Casting: Blink (safe; 10% risk of failure)
Confirm with . or Enter, or press ? or * to list all spells.
You conjure some foxfire!
* * * LOW HITPOINT WARNING * * *
The killer bee zombie completely misses you.
It was a potion of brilliance.
You feel clever all of a sudden.
The foxfire hits the killer bee zombie.
The killer bee zombie is moderately damaged.
The foxfire hits the killer bee zombie.
The killer bee zombie is moderately damaged.
The killer bee zombie hits you but does no damage.
The killer bee zombie hits you.
* * * LOW HITPOINT WARNING * * *
Casting: Foxfire (safe; 6% risk of failure)
Confirm with . or Enter, or press ? or * to list all spells.
You feel a surge of power!
You conjure some foxfire!
* * * LOW HITPOINT WARNING * * *
The killer bee zombie hits you but does no damage. x2
Unknown command.
The foxfire hits the killer bee zombie.
The killer bee zombie is heavily damaged.
The foxfire hits the killer bee zombie.
The killer bee zombie is severely damaged.
The killer bee zombie hits you.
You die...

#### ##..##
###....#
##..†<.?#
#...§@..#
......#Z..#
##..###...#
## #####


You could see a killer bee zombie.

Vanquished Creatures
  3 adders (D:2)
  A worm (D:2)
  An orc (D:3)
  3 bats (D:2)
  3 endoplasms
  3 giant cockroaches
  5 goblins
  2 hobgoblins
  3 jackals (D:1)
  7 quokkas
  4 ball pythons
  4 frilled lizards
  6 kobolds
  5 rats
50 creatures vanquished.

Vanquished Creatures (others)
  65 foxfires
65 creatures vanquished.

Grand Total: 115 creatures vanquished

Notes
Turn   | Place    | Note
-------+----------+-------------------------------------------
     0 | D:1      | Jannitor the Djinni Warper began the quest for the Orb.
     0 | D:1      | Reached XP level 1. HP: 18/18 MP: 0/0
   316 | D:1      | Reached XP level 2. HP: 19/23 MP: 0/0
   738 | D:1      | Reached skill level 1 in Stealth
   799 | D:1      | Reached skill level 3 in Spellcasting
  1202 | D:1      | Found Mowkos's Magic Scroll Shoppe.
  1206 | D:1      | Bought a scroll of teleportation for 42 gold pieces
  1272 | D:1      | Reached XP level 3. HP: 25/28 MP: 0/0
  1272 | D:1      | Learned a level 1 spell: Foxfire
  2481 | D:2      | Reached XP level 4. HP: 21/33 MP: 0/0
  3187 | D:3      | Noticed Purgy
  3250 | D:4      | Slain by a killer bee zombie

Illustrated notes

Levels and vault maps discovered:
D:1:      elethiomel_arrival_infinity_welcomes_careful_drivers, layout_basic,
          serial_shops, nicolae_shop_behind_doors
D:2:      layout_loops_cross
D:3:      layout_loops_cross, minmay_overflow_temple_hex, vehumet_crystals,
          basic_ecumenical_altar, uniq_purgy
D:4:      layout_cave_pools, uniq_grinder

Skill      XL: |  1  2 |
---------------+-------+-----
Short Blades   | 2 |  2.7
Stealth        | 1 |  1.9
Spellcasting   | 3 |  3.3
Fighting       | |  2.0
Throwing       | |  0.7
Armour         | |  1.0
Dodging        | |  2.1

Action                   |  1- 3 |  4- 6 || total
-------------------------+-------+-------++-------
Melee: Short sword       |   116 |       ||   116
       Dagger            |    16 |    36 ||    52
 Cast: Foxfire           |    26 |    18 ||    44
       Blink             |       |     2 ||     2
  Use: Scroll            |       |     1 ||     1
       Potion            |       |     1 ||     1
 Stab: Sleeping          |     3 |     1 ||     4
Armor: Leather armour    |    39 |    22 ||    61
Dodge: Dodged            |    84 |    32 ||   116

Table legend: (Time is in decaauts)
 A = Elapsed time spent in this place.
 B = Non-inter-level travel time spent in this place.
 C = Inter-level travel time spent in this place.
 D = Time resting spent in this place.
 E = Time spent auto-exploring this place.
 F = Levels seen in this place.
 G = Mean time per level.
                   A        B        C        D        E       F      G
               +--------+--------+--------+--------+--------+-----+--------+
         Total |   3241 |   3188 |     53 |    818 |   1828 |   4 |  810.2 |
       Dungeon |   3241 |   3188 |     53 |    818 |   1828 |   4 |  810.2 |
               +--------+--------+--------+--------+--------+-----+--------+

Top non-repeatable levels by time:
     D:1: 1526 daAuts
     D:2: 1255 daAuts
     D:3: 450 daAuts
     D:4: 8 daAuts
